 Dungeon Crawl Stone Soup version 0.24.0-13-gcf9b319 (webtiles) character file.

Game seed: 6545142711715476645, levelgen mode: deterministic

4782 Fang the Blocker (level 10, -4/65 HPs)
             Began as a Gargoyle Fighter on Dec 18, 2019.
             Was a Priest of Trog.
             Slain by a troll (7 damage)
             ... on level 8 of the Dungeon.
             The game lasted 00:10:46 (7878 turns).

Fang the Blocker (Gargoyle Fighter)                 Turns: 7878, Time: 00:10:47

Health: -4/65      AC: 24    Str: 23    XL:     10   Next: 47%
Magic:  10/10      EV:  6    Int:  9    God:    Trog [***...]
Gold:   271        SH: 16    Dex:  9    Spells: 9/9 levels left

rFire    . . .     SeeInvis .   a - +1 broad axe (chop)
rCold    . . .     Gourm    .   B - +0 shield
rNeg     + . .     Faith    .   b - +0 plate armour
rPois    ∞         Spirit   .   (no helmet)
rElec    +         Reflect  +   (no cloak)
rCorr    .         Harm     .   (no gloves)
MR       .....                  f - +2 pair of boots
Stlth    ..........             q - +5 amulet of reflection
HPRegen  0.20/turn              (no ring)
MPRegen  0.12/turn              (no ring)

@: berserk cooldown, slowed, very slow
A: negative energy resistance 1, electricity resistance, unbreathing,
petrification resistance, rot immunity, AC +7
a: Berserk, Trog's Hand, Renounce Religion


You were on level 8 of the Dungeon.
You worshipped Trog.
Trog was most pleased with you.
You were not hungry.

You visited 2 branches of the dungeon, and saw 10 of its levels.

You collected 271 gold pieces.

Inventory:

Hand Weapons
 a - a +1 broad axe of chopping (weapon)
Armour
 b - a +0 plate armour (worn)
 f - a +2 pair of boots (worn)
 B - a +0 shield (worn)
Jewellery
 q - a +5 amulet of reflection (around neck)
Wands
 p - a wand of flame (20)
 s - a wand of scattershot (11)
 u - a wand of random effects (17)
Scrolls
 e - 5 scrolls of identify
 g - 3 scrolls of teleportation
 i - a scroll of immolation {unknown}
 k - 4 scrolls of remove curse
Potions
 h - 4 potions of curing
 j - a potion of flight
 l - 2 potions of lignification {unknown}
 n - a potion of mutation
 r - a potion of heal wounds
 t - 3 potions of might
Comestibles
 c - 14 rations
 d - 6 chunks of flesh


   Skills:
 + Level 8.9 Fighting
 + Level 7.1 Axes
 + Level 9.0 Armour
 + Level 9.0 Shields


You had 9 spell levels left.
You didn't know any spells.
Your spell library contained the following spells:

 Spells                   Type           Power        Failure   Level  Hunger
 Corona                   Hex            #......      100%        1    ##.....
 Ensorcelled Hibernation  Hex/Ice        #.....       100%        2    ###....
 Confuse                  Hex            #.......     100%        3    ####...
 Dazzling Spray           Conj/Hex       #.....       100%        3    ####...
 Tukima's Dance           Hex            #.......     100%        3    ####...


Dungeon Overview and Level Annotations

Branches:
Dungeon (9/15)             Temple (1/1) D:4            Lair (0/6) D:9
    Orc: D:9-12

Altars:
Ashenzari
Cheibriados
Elyvilon
Gozag
Hepliaklqana
Kikubaaqudgha
Makhleb
Nemelex Xobeh
Okawaru
Qazlal
Sif Muna
Trog
Vehumet
Xom
Yredelemnul

Shops:
D:5 [   D:9 [(


Innate Abilities, Weirdness & Mutations

You are resistant to torment.
Your stone body is resilient. (AC +7)
You are immune to poison.
You resist negative energy. (rN+)
You are resistant to electric shocks. (rElec)
You can survive without breathing.
You are immune to petrification.
You are immune to rotting.


Message History

You block the troll's attack. The troll claws you but does no damage.
The troll closely misses you.
You hit the troll but do no damage. You block the troll's attack.
The troll claws you.
* * * LOW HITPOINT WARNING * * *
The troll claws you but does no damage.
You slash the troll!
The troll is moderately wounded.
The troll bites you but does no damage. The troll claws you but does no damage.
The troll claws you.
* * * LOW HITPOINT WARNING * * *
The troll bites you but does no damage. You block the troll's attack.
The troll claws you but does no damage.
You block the troll's attack. x2; The troll claws you!
* * * LOW HITPOINT WARNING * * *
The troll bites you.
* * * LOW HITPOINT WARNING * * *
The troll completely misses you. The troll claws you but does no damage.
You block the troll's attack. x2; The troll claws you!
You die...

###.###.### #8[8# #.#.# #.
#...# #...## ##..# #.#.# #.
#.#>###....## #..# #.#.# #.
#.#.......).#####.# #.#.# #.
#.###.....).......# #.#.# ##
#.# ###...).#..#### #.#.# ##
#.######...##..######.#.# #.
#.........###.........#.######.
########### ##@########........
#T# ########. #.##### #.
#>†...# ##### #####.# ##...#
#.#######..... #.............
#########..... ##...#


You could see a troll.

Vanquished Creatures
  A two-headed ogre (D:8)
  Grinder (D:4)
  Sigmund (D:5)
  A hungry ghost (D:8)
  2 orc warriors
  An ice beast (D:6)
  6 ogres
  3 wolves (D:9)
  3 centaurs
  A crocodile (D:9)
  A big kobold (D:7)
  Blork the orc (D:4)
  6 bullfrogs
  A scorpion (D:7)
  A water moccasin skeleton (D:4)
  6 killer bees
  A howler monkey (D:4)
  An electric eel (D:9)
  5 crimson imps
  4 hounds
  2 jellies (D:7)
  5 orc priests
  6 orc wizards
  A bullfrog skeleton (D:8)
  3 iguanas
  Ijyb (D:4)
  3 worker ants
  A howler monkey zombie (D:5)
  12 gnolls
  11 adders
  A shadow imp (D:5)
  An ooze (D:5)
  3 dart slugs
  6 leopard geckos
  42 orcs
  9 bats
  4 giant cockroaches
  8 goblins
  5 hobgoblins
  22 jackals
  4 quokkas
  A ball python (D:7)
  7 frilled lizards
  11 kobolds
  10 rats
226 creatures vanquished.

Vanquished Creatures (others)
  A centaur (D:8)
1 creature vanquished.

Grand Total: 227 creatures vanquished

Notes
Turn   | Place    | Note
-------+----------+-------------------------------------------
     0 | D:1      | Fang the Gargoyle Fighter began the quest for the Orb.
     0 | D:1      | Reached XP level 1. HP: 14/14 MP: 1/1
    78 | D:1      | Reached XP level 2. HP: 19/19 MP: 2/2
   813 | D:2      | Reached XP level 3. HP: 23/23 MP: 3/3
   911 | D:2      | Reached XP level 4. HP: 22/29 MP: 4/4
  1043 | D:2      | Noticed a bullfrog
  1054 | D:2      | Killed a bullfrog
  1054 | D:2      | Reached XP level 5. HP: 8/33 MP: 5/5
  1550 | D:3      | Found a radiant altar of Vehumet.
  1736 | D:3      | Reached XP level 6. HP: 16/39 MP: 6/6
  1737 | D:3      | Found a faded altar of an unknown god.
  2513 | D:4      | Reached skill level 5 in Shields
  2793 | D:4      | Reached skill level 5 in Armour
  2880 | D:4      | Reached skill level 5 in Fighting
  2880 | D:4      | Reached XP level 7. HP: 36/44 MP: 7/7
  2947 | D:4      | Noticed Grinder
  2974 | D:4      | Paralysed by Grinder for 2 turns
  2996 | D:4      | Paralysed by Grinder for 7 turns
  3005 | D:4      | Killed Grinder
  3204 | D:4      | Found a staircase to the Ecumenical Temple.
  3358 | D:4      | Noticed Blork the orc
  3359 | D:4      | Noticed Ijyb
  3775 | D:4      | Killed Ijyb
  3776 | D:4      | Killed Blork the orc
  4199 | Temple   | Entered the Ecumenical Temple
  4212 | Temple   | Became a worshipper of Trog the Wrathful
  4308 | D:5      | Entered Level 5 of the Dungeon
  4308 | D:5      | Found Unnir's Armour Shop.
  4321 | D:4      | Reached XP level 8. HP: 18/51 MP: 8/8
  5119 | D:5      | Noticed Sigmund
  5182 | D:5      | Killed Sigmund
  5182 | D:5      | Reached * piety under Trog
  5182 | D:5      | Reached skill level 5 in Axes
  5362 | D:5      | Reached XP level 9. HP: 55/56 MP: 9/9
  5690 | D:6      | Found a white marble altar of Elyvilon.
  5875 | D:6      | Found a shattered altar of Ashenzari.
  6086 | D:6      | Found a shimmering altar of Xom.
  6087 | D:6      | Found an opulent altar of Gozag.
  6231 | D:7      | Reached ** piety under Trog
  6413 | D:7      | Found a shimmering blue altar of Sif Muna.
  6520 | D:7      | Found an ancient bone altar of Kikubaaqudgha.
  7183 | D:8      | Noticed a two-headed ogre
  7190 | D:8      | Killed a two-headed ogre
  7190 | D:8      | Reached XP level 10. HP: 65/65 MP: 10/10
  7574 | D:8      | Found a shimmering blue altar of Sif Muna.
  7789 | D:9      | Found Peeti's Armour Shoppe.
  7805 | D:9      | Found Vobuon's Weapon Emporium.
  7842 | D:9      | Reached *** piety under Trog
  7863 | D:9      | Found a staircase to the Lair.
  7876 | D:8      | HP: 2/65 [troll (3)]
  7878 | D:8      | Slain by a troll

Levels and vault maps discovered:
D:1:      saegor_arrival_simple_b, layout_basic
D:2:      layout_rooms
D:3:      layout_basic, vehumet_crystals, chequers_ecumenical_altar_simple
D:4:      layout_cave_pods, minmay_temple_entry_offerings, first_ration,
          uniq_ijyb, uniq_grinder, uniq_blork_the_orc
D:5:      layout_basic, serial_shops, shop, patterned_corridor, uniq_sigmund
D:6:      layout_loops_ring, ashenzari_altar_1, grunt_temple_overflow_open,
          basic_altar
D:7:      statuecave_lemuel, layout_basic, overflow_temple_1_default, tgw_sif,
          grunt_ministairs_9, eino_curves_03
D:8:      kennysheep_orc_sif_temple, layout_loops_ring
D:9:      layout_long_grid, fedhas_ov_isle_minmay, nicolae_ru_path_of_blood,
          erik_lair_island, serial_shops, shop, shop, the_bakery
Temple:   eino_temple_lava

Skill      XL: |  1  2  3  4  5  6  7  8  9 10 |
---------------+-------------------------------+-----
Axes           | 2 3 4 5 6 7 |  7.1
Fighting       | 4 5 6 8 |  8.9
Armour         | 4 5 6 8 9 |  9.0
Shields        | 4 5 6 8 9 |  9.0

Action                   |  1- 3 |  4- 6 |  7- 9 | 10-12 || total
-------------------------+-------+-------+-------+-------++-------
Melee: War axe           |   124 |   194 |   273 |       ||   591
       Broad axe         |       |       |   164 |   125 ||   289
Invok: Berserk           |       |       |     1 |     1 ||     2
  Use: Potion            |       |     1 |       |     1 ||     2
       Scroll            |       |     6 |     8 |     2 ||    16
  Eat: Chunk             |       |     7 |    15 |     4 ||    26
       Ration            |       |       |       |     1 ||     1
Armor: Scale mail        |    92 |   146 |       |       ||   238
       Chain mail        |       |       |   291 |     6 ||   297
       Plate armour      |       |       |       |   156 ||   156
Dodge: Dodged            |    60 |    72 |   124 |    48 ||   304
Block: Shield            |   101 |   119 |   362 |   177 ||   759
       Reflection        |       |       |    12 |     2 ||    14
